AoeStats
← Jesulito123

Hideout

513579642Analyzed
4v4 RM · 3d ago on Oct 14, 2026· 50m 48s· 8 players
Game mode
Random Map
Map size
Large (8 player)
Population
200
Speed
Normal
Resources
Standard
Victory
Conquest
Starting age
Dark Age
Ending age
Imperial Age
RankedLock teamsTeams togetherTeam positionsShared explorationLock speedFull tech treeHidden civsTurbo modeCheats
Victory
Defeat
🇳🇱 Persians · Netherlands
1038
+14
🇪🇸 Hindustanis · Spain
1030
+15
🇪🇸 Maya · Spain
994
+16
🇬🇧 Britons · United Kingdom
967
+18
vs
1034
-17
🇨🇳 Spanish · China
996
-16
🇹🇷 Franks · Türkiye
990
-15
🇨🇳 Persians · China
979
-15
yyyyyliber
29:04 Feudal Age
29:34 Double-Bit Axe
29:37 Horse Collar
33:37 Castle Age
42:23 Husbandry
46:08 Imperial Age
43:53 Bloodlines
43:04 Light Cavalry
45:42 Scale Barding Armor
45:43 Scale Mail Armor
45:54 Forging
46:35 Hussar
46:39 Cavalier
50:39 Chain Barding Armor
50:55 Iron Casting
Alpha
0:32 Loom
11:35 Feudal Age
19:11 Castle Age
17:50 Double-Bit Axe
21:03 Scale Barding Armor
23:12 Gold Mining
30:15 Imperial Age
28:41 Padded Archer Armor
28:51 Husbandry
28:57 Elite Skirmisher
30:11 Murder Holes
30:49 Cavalier
33:22 Chemistry
32:39 Bow Saw
32:19 Pikeman
32:59 Squires
34:20 Wheelbarrow
33:56 Scale Mail Armor
34:07 Forging
33:27 Halberdier
35:12 Chain Mail Armor
37:49 Plate Mail Armor
43:22 Iron Casting
43:24 Paladin
46:34 Leather Archer Armor
46:41 Chain Barding Armor
47:06 Fletching
百岁山
5:13 Loom
11:24 Feudal Age
17:55 Castle Age
16:36 Forging
16:31 Horse Collar
18:03 Scale Barding Armor
21:14 Heavy Plow
21:01 Double-Bit Axe
21:58 Wheelbarrow
22:31 Iron Casting
22:18 Bow Saw
23:58 Hand Cart
31:08 Imperial Age
28:58 Gold Mining
29:06 Town Watch
29:26 Kamandaran
30:29 Fletching
31:01 Chain Barding Armor
30:43 Padded Archer Armor
30:41 Stone Mining
30:53 Crossbowman
33:05 Ballistics
34:32 Leather Archer Armor
34:13 Bodkin Arrow
34:58 Thumb Ring
37:01 Murder Holes
38:07 Chemistry
40:32 Plate Barding Armor
39:21 Cavalier
40:12 Bloodlines
40:33 Elite War Elephant
41:31 Husbandry
43:32 Iron Casting
43:30 Ring Archer Armor
43:40 Gold Shaft Mining
43:42 Stone Shaft Mining
44:09 Two-Man Saw
43:41 Crop Rotation
45:08 Conscription
44:25 Pikeman
44:29 Elite Skirmisher
45:48 Squires
46:41 Halberdier
浮槎万里获星河
6:33 Loom
11:14 Feudal Age
15:21 Castle Age
13:46 Double-Bit Axe
14:32 Horse Collar
18:41 Wheelbarrow
21:57 Heavy Plow
22:13 Stone Mining
23:28 Gold Mining
26:48 Gold Shaft Mining
27:33 Stone Shaft Mining
28:24 Forging
31:28 Imperial Age
29:02 Treadmill Crane
30:04 Scale Barding Armor
30:22 Husbandry
31:49 Iron Casting
31:06 Elite Skirmisher
32:45 Conscription
32:52 Thumb Ring
32:23 Pikeman
33:03 Squires
32:48 Gambesons
33:47 Fletching
33:23 Heavy Camel Rider
35:15 Chemistry
33:38 Halberdier
34:54 Hand Cart
37:18 Scale Mail Armor
37:40 Chain Barding Armor
38:24 Murder Holes
38:52 Bow Saw
40:16 Bodkin Arrow
40:23 Padded Archer Armor
41:48 Chain Mail Armor
42:09 Plate Barding Armor
41:56 Light Cavalry
42:28 Onager
43:20 Fortified Wall
43:30 Bracer
43:46 Leather Archer Armor
44:04 Plate Mail Armor
44:40 Hussar
gazza17
10:09 Feudal Age
11:58 Loom
19:27 Castle Age
17:46 Double-Bit Axe
18:45 Horse Collar
19:14 Stone Mining
19:15 Gold Mining
20:10 Padded Archer Armor
21:55 Fletching
22:41 Bow Saw
23:08 Leather Archer Armor
25:53 Heavy Plow
27:23 Wheelbarrow
26:23 Crossbowman
27:27 Bodkin Arrow
29:24 Ballistics
30:22 Hand Cart
32:03 Yeomen
31:29 Pikeman
35:57 Imperial Age
34:19 Heated Shot
38:58 Chemistry
38:00 Bracer
38:30 Ring Archer Armor
38:21 Elite Longbowman
40:27 Conscription
41:55 Halberdier
42:39 Scale Mail Armor
42:49 Forging
42:48 Squires
44:34 Chain Mail Armor
44:55 Iron Casting
44:38 Light Cavalry
45:26 Scale Barding Armor
45:55 Husbandry
willem.goossenss
4:52 Loom
|GaoeG| Ratarax
11:34 Feudal Age
15:15 Castle Age
13:23 Double-Bit Axe
13:50 Horse Collar
17:47 Bow Saw
18:35 Heavy Plow
23:20 Wheelbarrow
22:36 Loom
25:27 Hand Cart
30:05 Imperial Age
28:01 Gold Mining
28:52 Scale Barding Armor
28:58 Forging
29:00 Grand Trunk Road
29:21 Bloodlines
30:40 Chain Barding Armor
30:23 Husbandry
30:23 Heavy Camel Rider
33:09 Plate Barding Armor
34:12 Conscription
33:49 Imperial Camel Rider
35:58 Iron Casting
42:57 Town Watch
42:33 Light Cavalry
44:17 Town Patrol
46:33 Gold Shaft Mining
46:50 Hoardings
46:29 Hussar
49:24 Blast Furnace
48:29 Devotion
Jesulito123
0:43 Loom
11:25 Feudal Age
15:59 Castle Age
14:06 Double-Bit Axe
14:51 Gold Mining
17:20 Bow Saw
17:51 Horse Collar
19:05 Fletching
20:00 Crossbowman
22:27 Wheelbarrow
23:27 Bodkin Arrow
23:38 Heavy Plow
25:24 Ballistics
25:11 Thumb Ring
25:17 Pikeman
26:32 Squires
26:56 Padded Archer Armor
28:32 Forging
30:30 Hand Cart
30:01 Town Watch
30:58 Stone Mining
35:46 Imperial Age
34:54 Stone Shaft Mining
34:43 Leather Archer Armor
34:47 Caravan
36:40 Coinage
37:31 Chemistry
36:53 Conscription
36:13 Arbalester
36:28 Capped Ram
37:31 Bracer
38:01 Ring Archer Armor
39:20 Two-Man Saw
43:19 Iron Casting
42:44 Scale Mail Armor
42:23 Eagle Warrior
43:12 Arson
44:18 Crop Rotation
45:00 Elite Eagle Warrior
47:59 Blast Furnace
47:14 Chain Mail Armor
48:44 Holcans
51:10 Plate Mail Armor
Connection lost

Rejoining the realm…

Still unreachable

The connection could not be restored.

Session expired

The server has moved on; the page needs a fresh start.